 Dungeon Crawl Stone Soup version 0.30-a0-989-g0d87f670db (webtiles) character file.

Game seed: 14122293175960297241

7159 DeathPants the Carver (level 11, -7/58 HPs)
             Began as a Vine Stalker Monk on Apr 3, 2023.
             Was an Initiate of Gozag.
             Mangled by a very large slime creature (22 damage)
             ... on level 9 of the Dungeon.
             The game lasted 00:25:58 (8628 turns).

DeathPants the Carver (Vine Stalker Monk)           Turns: 8628, Time: 00:25:59

Health: -7/58      AC:  8    Str: 19    XL:     11   Next: 10%
Magic:  0/17       EV: 15    Int: 14    God:    Gozag
Gold:   1077       SH:  0    Dex: 18    Spells: 12/16 levels left

rFire   . . .      SeeInvis .    a - +4 scimitar (flame)
rCold   . . .      Faith    .    (no shield)
rNeg    + . .      Spirit   +    m - +2 robe {rN+}
rPois   +          Reflect  .    t - +0 helmet
rElec   .          Rampage  .    v - +2 cloak {rPois}
rCorr   .                        (no gloves)
Will    +....                    (no boots)
Stlth   ++                       h - amulet of magic regeneration
HPRegen 1.09/turn                y - +6 ring of strength
MPRegen 0.55/turn                J - ring of wizardry

@: gold aura
A: fangs 3, regeneration 1, magic shield, antimagic bite, no potion heal 2
a: Renounce Religion, Potion Petition, Call Merchant, Bribe Branch


You were on level 9 of the Dungeon.
You worshipped Gozag.
Gozag was most pleased with you.
You visited 2 branches of the dungeon, and saw 10 of its levels.

You collected 1077 gold pieces.

Inventory:

Hand Weapons
 a - a +4 scimitar of flaming (weapon)
 b - a +4 scimitar of freezing
 c - a +0 dagger of venom
 C - the +7 staff of the Meek {protect, meekguard}
   (You found it on level 3 of the Dungeon)
Missiles
 k - 11 poisoned darts
 p - 5 atropa-tipped darts (quivered)
 D - 2 throwing nets
 G - a curare-tipped dart
 H - 5 javelins
Armour
 f - a +0 ring mail
 m - a +2 robe of positive energy (worn)
 t - a +0 helmet (worn)
 v - a +2 cloak of poison resistance (worn)
Jewellery
 h - an amulet of magic regeneration (around neck)
 w - a ring of flight
 y - a +6 ring of strength (left hand)
 J - a ring of wizardry (right hand)
Wands
 l - a wand of iceblast (5)
 q - a wand of paralysis (10)
 r - a wand of mindburst (17)
Scrolls
 d - 2 scrolls of brand weapon
 e - 3 scrolls of summoning
 g - a scroll of vulnerability
 j - 3 scrolls of teleportation
 o - 2 scrolls of identify
 x - a scroll of fear {unknown}
Potions
 i - 2 potions of brilliance
 n - a potion of magic
 s - 2 potions of lignification
 u - 2 potions of resistance
 z - a potion of might
 A - 2 potions of mutation
 B - a potion of flight
 I - a potion of haste


   Skills:
 + Level 7.4 Fighting
 * Level 10.2 Long Blades
 - Level 5.2 Armour
 - Level 6.0 Dodging
 - Level 2.4 Stealth
 + Level 3.4 Spellcasting
 + Level 3.4 Necromancy


You had 12 spell levels left.
You knew the following spells:

 Your Spells              Type           Power      Damage    Failure   Level
a - Dispel Undead         Necr           12%        3d9       19%         4

Your spell library contained the following spells:

 Spells                   Type           Power      Damage    Failure   Level
 Kiss of Death            Conj/Necr      28%        2d7       4%          1
 Apportation              Tloc           4%         N/A       9%          1
 Sandblast                Erth           4%         2d4       9%          1
 Summon Small Mammal      Summ           8%         N/A       9%          1
 Ensorcelled Hibernation  Hex/Ice        4%         N/A       12%         2
 Lesser Beckoning         Tloc           4%         N/A       12%         2
 Passwall                 Tmut/Erth      1%         N/A       12%         2
 Call Canine Familiar     Summ           2%         N/A       24%         3
 Confusing Touch          Hex            2%         N/A       24%         3
 Gell's Gravitas          Tloc           2%         N/A       24%         3
 Stone Arrow              Conj/Erth      4%         3d7       24%         3
 Summon Guardian Golem    Hex/Summ       2%         N/A       24%         3
 Swiftness                Air            2%         N/A       24%         3
 Teleport Other           Tloc           2%         N/A       24%         3
 Alistair's Intoxication  Tmut/Pois      1%         N/A       89%         5


Dungeon Overview and Level Annotations

Branches:
Dungeon (9/15)             Temple (1/1) D:5
   Lair: D:8-11         Orc: D:9-12

Altars:
Ashenzari
Cheibriados
Dithmenos
Elyvilon
Fedhas
Gozag
Hepliaklqana
Kikubaaqudgha
Makhleb
Nemelex Xobeh
Okawaru
Qazlal
Ru
Sif Muna
Trog
Uskayaw
Vehumet
Wu Jian
Xom
Yredelemnul
Zin
The Shining One

Shops:
D:1 !   D:2 :   D:5 (


Innate Abilities, Weirdness & Mutations

You have razor-sharp teeth.
Your natural rate of healing is unusually fast.
When hurt, damage is shared between your health and your magic reserves.
Your bite disrupts and absorbs the magic of your enemies.
Potions cannot restore your health.


Message History

You bite the slime creature. You drain its power.
You feel invigorated.
The slime creature is almost dead.
You feel sick.
The very large slime creature is no longer distracted by gold.
You slash the slime creature! You burn the slime creature.
You kill the slime creature!
You feel sick.
The kobold is no longer distracted by gold.
The kobold throws a stone.
The stone closely misses you.
The kobold hits you with a +1 short sword of venom.
* * * LOW HITPOINT WARNING * * *
The centaur wields a +0 shortbow.
The centaur shoots an arrow.
The arrow hits you. The kobold attacks as you move away!
The kobold hits you with a +1 short sword of venom.
* * * LOW HITPOINT WARNING * * *
You feel sick.
You are no longer poisoned.
The centaur unwields a +0 shortbow.
The centaur misses you. The centaur closely misses you.
You see here 4 gold pieces.
You slice the centaur!! You burn the centaur.
You bite the centaur, but do no damage.
The centaur is almost dead.
The centaur hits you. The centaur closely misses you.
The kobold closely misses you. The kobold hits you but does no damage.
You slash the kobold! You burn the kobold.
You kill the kobold!
The kobold hits you but does no damage.
The very large slime creature attacks as you move away!
The very large slime creature closely misses you.
The kobold is distracted by your dazzling golden aura.
Things that are here:
5 gold pieces; a +1 short sword of venom The kobold is no longer distracted by gold.
The kobold misses you.
The very large slime creature attacks as you move away!
The very large slime creature hits you!!!
You die...
Your body crumbles into a pile of gold.

#......)<.......
#############... #..#
#..# #..# #..#
#############..#
#..........$.$K########
#............@Jc.......
#.####################.
$


You could see a very large slime creature, a centaur and a kobold.

Vanquished Creatures
  Erica (D:8)
  A two-headed ogre (D:9)
  Pikel (D:4)
  An unseen horror zombie (D:8)
  Sigmund (D:4)
  2 slime creatures (D:9)
  5 yaks (D:6)
  Menkaure (D:4)
  Edmund (D:5)
  2 orc warriors
  A black bear (D:7)
  2 ice beasts
  3 ogres
  3 centaurs
  3 phantoms
  Blork the orc (D:5)
  3 kobold brigands
  3 bullfrogs
  A gnoll sergeant (D:9)
  3 scorpions
  A wyvern zombie (D:8)
  8 wights
  9 killer bees (D:8)
  A howler monkey (D:6)
  A jelly (D:6)
  A centaur zombie (D:8)
  5 orc priests
  7 hounds
  4 iguanas
  8 orc wizards
  Natasha (thrice) (D:4)
  A killer bee zombie (D:8)
  4 howler monkey zombies (D:8)
  9 gnolls
  5 adders
  A shadow imp (D:6)
  2 white imps
  3 ufetubi (D:6)
  2 worms
  4 dart slugs
  29 orcs
  5 ball pythons
  7 endoplasms
  2 giant cockroaches (D:1)
  5 goblins
  7 hobgoblins
  4 jackals (D:1)
  A quokka (D:1)
  3 bats
  6 frilled lizards
  21 kobolds
  7 rats
215 creatures vanquished.

Vanquished Creatures (others)
  9 plants (D:6)
9 creatures vanquished.

Grand Total: 224 creatures vanquished

Notes
Turn   | Place    | Note
-------+----------+-------------------------------------------
     0 | D:1      | DeathPants the Vine Stalker Monk began the quest for the
                  | Orb.
     0 | D:1      | Reached XP level 1. HP: 11/11 MP: 2/2
    84 | D:1      | Found Cabig's Distillery.
   234 | D:2      | Reached XP level 2. HP: 16/16 MP: 3/3
   347 | D:1      | Reached skill level 3 in Long Blades
   729 | D:1      | Reached XP level 3. HP: 19/19 MP: 4/4
  1414 | D:2      | Reached skill level 1 in Armour
  1433 | D:2      | Gained mutation: Your natural rate of healing is unusually
                  | fast. [Vine Stalker growth]
  1433 | D:2      | Reached XP level 4. HP: 24/24 MP: 5/5
  1593 | D:3      | Reached XP level 5. HP: 28/28 MP: 6/6
  1602 | D:2      | Found Robiviuf's Book Shop.
  2098 | D:3      | Found a hazy altar of Hepliaklqana.
  2163 | D:3      | Reached skill level 4 in Long Blades
  2212 | D:3      | Found the +7 staff of the Meek {protect, meekguard}
  2814 | D:4      | Found a hide-covered altar of Uskayaw.
  2912 | D:4      | Noticed Menkaure
  2916 | D:4      | Noticed Sigmund
  2922 | D:4      | Killed Menkaure
  2923 | D:4      | Reached XP level 6. HP: 5/33 MP: 0/7
  2925 | D:4      | Killed Sigmund
  2926 | D:4      | Reached XP level 7. HP: 10/37 MP: 8/8
  2981 | D:4      | Found a shimmering altar of Xom.
  2991 | D:4      | Found an ancient bone altar of Kikubaaqudgha.
  3115 | D:5      | Entered Level 5 of the Dungeon
  3128 | D:5      | Reached skill level 5 in Long Blades
  3476 | D:4      | Noticed Pikel
  3494 | D:4      | Killed Pikel
  3495 | D:4      | Reached skill level 6 in Long Blades
  3495 | D:4      | Gained mutation: You have razor-sharp teeth. [Vine Stalker
                  | growth]
  3495 | D:4      | Reached XP level 8. HP: 32/42 MP: 5/9
  3526 | D:4      | Found a sacrificial altar of Ru.
  3640 | D:4      | Noticed Natasha
  3645 | D:4      | Killed Natasha
  3699 | D:4      | Noticed Natasha
  3704 | D:4      | Killed Natasha
  3841 | D:4      | Found a bloodstained altar of Trog.
  3890 | D:4      | Noticed Natasha
  3895 | D:4      | Killed Natasha
  4163 | D:5      | Found a staircase to the Ecumenical Temple.
  4173 | Temple   | Entered the Ecumenical Temple
  4411 | D:5      | Found Xoezieq's Antique Weapon Shoppe.
  4634 | D:5      | Reached skill level 5 in Fighting
  4675 | D:5      | Noticed Blork the orc
  4702 | D:5      | Killed Blork the orc
  4800 | D:5      | Found an iron altar of Okawaru.
  4805 | D:5      | Reached skill level 7 in Long Blades
  4805 | D:5      | Reached XP level 9. HP: 46/47 MP: 8/10
  4870 | D:5      | Noticed Edmund
  4879 | D:5      | Killed Edmund
  4884 | D:5      | HP: 2/47 [poisoned by Edmund]
  5131 | D:5      | Found an opulent altar of Gozag.
  5131 | D:5      | Found a glowing silver altar of Zin.
  5139 | D:5      | Became a worshipper of Gozag Ym Sagoz the Greedy
  5277 | D:6      | Found a broken altar of Ashenzari.
  5346 | D:6      | Reached skill level 5 in Dodging
  5466 | D:7      | Reached skill level 8 in Long Blades
  5874 | D:6      | Found a shimmering blue altar of Sif Muna.
  6114 | D:6      | Reached XP level 10. HP: 40/53 MP: 8/11
  6116 | D:6      | Reached skill level 5 in Armour
  6280 | D:6      | Identified the +5 spear of Piluoke {drain, rN+}
  7399 | D:8      | Learned a level 4 spell: Dispel Undead
  7438 | D:8      | Reached skill level 9 in Long Blades
  7493 | D:9      | Noticed a two-headed ogre
  7503 | D:9      | Killed a two-headed ogre
  7504 | D:9      | Reached skill level 1 in Spellcasting
  7504 | D:9      | Reached skill level 1 in Necromancy
  7546 | D:9      | Noticed Erica
  7560 | D:8      | HP: 2/53 [Erica/+4 scimitar of flaming (1)]
  7562 | D:8      | Killed Erica
  7754 | D:9      | Found a blossoming altar of Fedhas.
  7885 | D:8      | Found an ornate altar of the Wu Jian Council.
  8150 | D:8      | Found a basalt altar of Yredelemnul.
  8299 | D:8      | Reached skill level 10 in Long Blades
  8299 | D:8      | Reached XP level 11. HP: 44/58 MP: 14/16
  8628 | D:9      | Mangled by a very large slime creature

Illustrated notes

Levels and vault maps discovered:
D:1:      minmay_arrival_radiant_lines, layout_loops_corners, serial_shops,
          nicolae_shop_crystal, serial_rivers, chequers_serial_rivers_small_3,
          chequers_serial_rivers_micro_c, chequers_serial_rivers_small_a,
          chequers_serial_rivers_large_b
D:2:      layout_loops_ring, serial_shops, nicolae_shop_hallway_plus
D:3:      layout_basic, lemuel_tele_altar, pf_guarded_unrand_meek
D:4:      layout_loops_corners, eat_drink_and_be_merry_uskayaw,
          mainiacjoe_overflow_swirl, amethyst_overflow_temple_binary,
          patterned_corridor, uniq_menkaure, uniq_natasha, uniq_sigmund,
          uniq_pikel
D:5:      layout_basic, grunt_temple_overflow_gold_and_silver,
          mainiacjoe_overflow_small_starburst, temple_green, serial_shops, shop,
          minmay_holes, uniq_edmund, uniq_blork_the_orc
D:6:      layout_loops_cross, nicolae_ashenzari_skybound,
          mainiacjoe_overflow_24_doors, lexackson_kobold_supper
D:7:      nicolae_cairo_tiling_large, layout_basic, corexii_checkpoint_a,
          hangedman_minor_gate_pass
D:8:      layout_loops_corners, nicolae_yredelemnul_corpse_copse,
          lemuel_crystal_altar
D:9:      nzn_winding_woodlands_medium [nzn_winding_woodlands_5x5_three,
          nzn_winding_woodlands_5x15_zeroes, nzn_winding_woodlands_hourglass,
          nzn_winding_woodlands_5x5_checkerboard,
          nzn_winding_woodlands_center_diamonds,
          nzn_winding_woodlands_5x5_cross, nzn_winding_woodlands_5x5_open_star,
          nzn_winding_woodlands_5x15_jagged,
          nzn_winding_woodlands_5x5_closed_star], layout_long_grid,
          fedhas_altar_1, ebering_dispersal_statue_hall, nicolae_shop_fire_sale
          [nicolae_sub_dead_trees], uniq_erica, uniq_harold
Temple:   nicolae_temple_bog_church

Skill      XL: |  1  2  3  4  5  6  7  8  9 10 |
---------------+-------------------------------+-----
Long Blades    | 3 4 6 7 8 10 | 10.2
Fighting       | 3 4 5 6 7 |  7.4
Armour         | 1 2 3 4 5 |  5.2
Dodging        | 3 4 5 6 |  6.0
Spellcasting   | 3 |  3.4
Necromancy     | 3 |  3.4
Stealth        | |  2.4

Action                     |  1- 3 |  4- 6 |  7- 9 | 10-12 || total
---------------------------+-------+-------+-------+-------++-------
  Melee: Falchion          |    69 |    55 |       |       ||   124
         Bite              |    11 |    20 |    81 |    64 ||   176
         Punch             |     1 |     1 |       |     1 ||     3
         Quarterstaff      |       |    35 |   202 |    97 ||   334
         Scimitar          |       |       |       |   133 ||   133
  Throw: Dart              |       |       |     1 |     4 ||     5
  Evoke: Wand              |     1 |     2 |       |       ||     3
    Use: Scroll            |       |     7 |     4 |     8 ||    19
         Potion            |       |     2 |     1 |     1 ||     4
   Stab: Sleeping          |     5 |     1 |     4 |     2 ||    12
         Distracted        |       |       |     2 |     1 ||     3
 Armour: Robe              |     2 |       |    94 |    93 ||   189
         Ring mail         |    27 |    35 |       |       ||    62
  Dodge: Dodged            |    38 |    47 |   213 |   272 ||   570

Table legend: (Time is in decaauts)
 A = Elapsed time spent in this place.
 B = Non-inter-level travel time spent in this place.
 C = Inter-level travel time spent in this place.
 D = Time resting spent in this place.
 E = Time spent auto-exploring this place.
 F = Levels seen in this place.
 G = Mean time per level.
                   A        B        C        D        E       F      G
               +--------+--------+--------+--------+--------+-----+--------+
         Total |   8763 |   8533 |    230 |    706 |   5415 |  10 |  876.3 |
       Dungeon |   8579 |   8361 |    218 |    706 |   5251 |   9 |  953.2 |
        Temple |    184 |    172 |     12 |      0 |    164 |   1 |  184.0 |
               +--------+--------+--------+--------+--------+-----+--------+

Top non-repeatable levels by time:
     D:6: 1322 daAuts
     D:4: 1205 daAuts
     D:8: 1200 daAuts
     D:1: 1169 daAuts
     D:5: 1144 daAuts
     D:2: 841 daAuts
     D:7: 802 daAuts
     D:3: 788 daAuts
  Temple: 184 daAuts
     D:9: 104 daAuts
